Map: Automaton LE

Players

Zest - Winner!

  • Race: Protoss Protoss
  • Spawn Location: 3:00

SpeCial

  • Race: Terran Terran
  • Spawn Location: 9:00

Event: IEM Season 13: Katowice (2019)

VOD

Have the link to the VOD?

Description

Time

  • Played on: Feb. 28, 2019, 8:20 a.m.
  • Length: 5:31

All games in this series

Show
View Real Time Build Order
Export as new Build Order

Zest Protoss - Winner!

Build Orders: 1 Gate Expand, Oracle Opening 

Get SALT Encoding   

  12  0:00  Probe  
  13  0:12  Probe  
  14  0:18  Pylon  
  14  0:23  Probe  
  15  0:32  Probe  
  15  0:37  Gateway  
  15  0:40  Probe  
  16  0:46  Assimilator  
  17  0:51  Probe  
  18  1:03  Probe  
  19  1:15  Probe  
  20  1:24  Cybernetics Core  
  20  1:35  Nexus  
  20  1:37  Probe  
  21  1:44  Pylon  
  21  1:49  Probe  
  21  1:52  Adept, Assimilator  
  23  2:01  Probe  
  25  2:12  Adept  
  25  2:13  Probe  
  26  2:17  Stargate  
  28  2:28  Probe  
  29  2:36  Warp Gate  
  29  2:40  Probe  
  30  2:46  Adept  
  30  2:51  Probe  
  33  2:52  Probe, Oracle  
  34  3:03  Probe  
  34  3:04  Probe  
  39  3:09  Pylon  
  39  3:15  Probe  
  39  3:16  Probe  
  41  3:20  Oracle  
  41  3:26  Gateway  
  41  3:27  Gateway  
  44  3:34  Probe x2  
  44  3:39  Pylon  
  46  3:46  Probe x2  
  46  3:48  Oracle  
  48  3:58  Probe x2  
  51  4:07  Pylon  
  51  4:10  Probe x2  
  51  4:14  Pylon  
  51  4:16  Assimilator, Phoenix  
  53  4:22  Assimilator  
  53  4:28  Adept x2  
  53  4:30  Adept  
  61  4:32  Shield Battery  
  61  4:37  Probe, Shield Battery  
  62  4:47  Probe  
  62  4:49  Probe  
  62  4:51  Twilight Council  
  62  4:52  Forge  
  64  5:05  Gateway x2  
  64  5:07  Gateway  
  64  5:11  Probe x2  
Show
View Real Time Build Order
Export as new Build Order

SpeCial Terran 

Build Orders: Cyclone Opening 

Get SALT Encoding   

  12  0:00  SCV  
  13  0:12  SCV  
  14  0:17  Supply Depot  
  14  0:24  SCV  
  15  0:39  SCV  
  15  0:40  Barracks  
  16  0:46  Refinery  
  16  0:51  SCV  
  16  0:56  Refinery  
  17  1:03  SCV  
  18  1:15  SCV  
  19  1:28  Reaper, Orbital Command  
  20  1:37  Supply Depot  
  20  1:44  Factory  
  20  1:53  SCV  
  21  2:05  SCV  
  22  2:18  SCV  
  23  2:27  Factory Tech Lab  
  23  2:31  Command Center  
  23  2:33  Barracks Reactor, SCV  
  24  2:40  Starport  
  24  2:45  SCV  
  24  2:50  Cyclone  
  28  2:57  SCV  
  29  3:03  Barracks  
  29  3:08  Supply Depot  
  29  3:13  SCV  
  29  3:18  Starport Tech Lab  
  29  3:22  Marine x2  
  31  3:30  SCV  
  31  3:34  Factory Tech Lab  
  32  3:41  Banshee  
  32  3:43  SCV  
  36  3:48  Marine  
  36  3:49  Marine  
  38  4:01  SCV  
  39  4:03  Orbital Command  
  39  4:06  Marine  
  39  4:07  Marine  
  41  4:13  SCV  
  42  4:21  Siege Tank  
  45  4:25  Marine x2  
  45  4:26  Marine  
  45  4:30  SCV x2  
  50  4:42  SCV x2  
  50  4:43  Supply Depot  
  52  4:52  Supply Depot  
  52  4:54  SCV x2  
  54  5:01  Barracks  
  54  5:04  Marine x3  
  54  5:06  SCV  
  61  5:10  Supply Depot  

Tags
 
Add a new tag
Caveats
  • Supply blocks, unpowered buildings, or Contaminate may cause inaccurate times.
  • Supply counts are checked every 10 seconds.